Unix NetHack Version 3.7.0-101 Work-in-progress - last build Mar 4 2024 02:26:32 (3c4ac04b664b9ee0831c739617f054b5b60dbfd1,branch:master). Game began 2024-03-11 20:17:11, ended 2024-03-16 08:15:12. spontiff, neutral male gnomish Healer ----------- .......<.$+ |.........| ------------ |.......... |....)).)..| ----------- |.....{..>.| |..........|## -----.-.----# # 0##########0####### ## ### ################### # # # # # --- ---------.- +h...ho.ohG@dk| |ohooGo.k.hdG.| ......h`....h.| --------------- Spontiff the Rhizotomist St:8 Dx:9 Co:16 In:11 Wi:16 Ch:16 Neutral S:400 Dlvl:7 $:69 HP:0(34) Pw:0(5) AC:7 Xp:1/0 T:3773 Latest messages: The sleep ray hits the hobgoblin. The sleep ray hits the bugbear. The sleep ray hits the hobgoblin. The sleep ray hits the hobgoblin. The gnome thrusts her crude dagger. The gnome hits! The gnome lady wakes up! The bugbear wakes up! The large kobold wakes up! In what direction? . You feel better. The gnome thrusts her crude dagger. The gnome hits! You swap places with your large dog. The fox bites! What do you want to use or apply? [blsS or ?*] s In what direction? u Status of the large kobold (chaotic, small): Level 1 HP 7(7) AC 10. What do you want to drink? [c-ejtEM or ?*] c You feel better. The fox bites! The large dog bites the hobgoblin. The hobgoblin is killed! The large kobold hits! The gnome wakes up! The fox bites! You swap places with your large dog. The fox bites! The large dog bites the fox. The fox is killed! The bugbear wakes up! The bugbear hits! The gnome lady picks up an iron skull cap. The bugbear wakes up! The orc shaman wakes up! What do you want to use or apply? [blsS or ?*] s In what direction? n Status of the gnome (neutral, small): Level 1 HP 7(7) AC 9. What do you want to use or apply? [blsS or ?*] s In what direction? l Status of the large dog (neutral, medium): Level 9 HP 72(72) AC 4, tame. The large dog misses the little dog. The gnome thrusts her crude dagger. The gnome hits! The bugbear hits! The gnome lady hits! The little dog bites! You die... Do you want your possessions identified? [ynq] (y) y Do you want to see the dungeon overview? [ynq] (y) y Inventory: Coins $ - 69 gold pieces Weapons W - an uncursed +0 dart k - an uncursed +0 orcish dagger (alternate weapon; not wielded) Armor f - an uncursed +0 orcish helm h - an uncursed +0 orcish helm (being worn) g - an uncursed +1 pair of leather gloves (being worn) q - an uncursed +0 orcish cloak (being worn) Comestibles y - an uncursed apple n - an uncursed food ration p - 2 uncursed tripe rations Scrolls a - an uncursed scroll of blank paper C - a cursed scroll of earth L - 2 uncursed scrolls of enchant armor u - a blessed scroll of enchant weapon I - an uncursed scroll of gold detection o - an uncursed scroll of scare monster K - a cursed scroll of scare monster Spellbooks l - an uncursed spellbook of healing b - an uncursed spellbook of light Potions M - 2 cursed potions of extra healing t - an uncursed potion of hallucination e - a blessed potion of healing j - an uncursed potion of levitation E - a cursed potion of monster detection d - 3 uncursed potions of water Wands S - an uncursed wand of sleep (0:1) Tools s - an uncursed stethoscope Gems/Stones v - a cursed worthless piece of black glass O - an uncursed worthless piece of red glass r - 2 cursed worthless pieces of yellowish brown glass Spontiff the Healer's attributes: Background: You were a Rhizotomist, a level 1 male gnomish Healer. You were neutral, on a mission for Hermes who was opposed by Athena (lawful) and Poseidon (chaotic). You were left-handed. You were in the Dungeons of Doom, on level 7. You entered the dungeon 3773 turns ago. You had 0 experience points, 20 were needed to attain level 2. Your score was 400 before end-of-game adjustments. Basics: You had 0 out of 34 hit points. You had 0 out of 5 energy points (spell power). Your armor class was 7. Your wallet contained 69 zorkmids. Autopickup was on for '$!/="?' plus thrown, with exceptions. Final Characteristics: Your strength was 8 (limit:18/50). Your dexterity was 9 (limit:18). Your constitution was 16 (limit:18). Your intelligence was 11 (limit:19). Your wisdom was 16 (limit:18). Your charisma was 16 (limit:18). Final Status: You weren't hungry. You were unencumbered. You were empty handed. You were unskilled in bare handed combat. Final Attributes: You were devoutly aligned. You were poison resistant. You had infravision. You were warded. You are dead. Miscellaneous: You never encountered a bones level. Total elapsed playing time was 1 hour, 36 minutes and 3 seconds. Major events: Turn 1: spontiff the neutral male gnomish Healer entered the dungeon 1684: entered the Gnomish Mines 3773: killed by a little dog Vanquished creatures: a gnome leader a giant ant a rothe a giant bat an orc zombie an iguana an acid blob 2 coyotes 5 hobgoblins 5 giant rats 2 cave spiders a brown mold a yellow mold 2 gnomes a gnome zombie 2 geckos 7 jackals 2 foxes 2 kobolds 4 goblins 2 sewer rats 10 grid bugs a bat 7 lichens 3 kobold zombies 9 newts 75 creatures vanquished. No species were genocided or became extinct. Voluntary challenges: You never hit with a wielded weapon. You were a pacifist. You were illiterate. You never engraved Elbereth. You never genocided any monsters. You never polymorphed an object. You never changed form. You used no wishes. Achievement: You entered the Gnomish Mines. The Dungeons of Doom: levels 1 to 9 Level 1: "iron bars" Level 2: "Stashlet" Level 3: Stairs down to The Gnomish Mines. Level 4: A fountain. Level 5: "vault" A fountain. Level 6: Many fountains. Oracle of Delphi. Level 7: <- You were here. A throne, a fountain. Final resting place for you, killed by a little dog. Level 8: "iron bars" Level 9: The Gnomish Mines: Level 4: Game over: ---------- / \ / REST \ / IN \ / PEACE \ / \ | spontiff | | 69 Au | | killed by a | | little dog | | | | | | 2024 | *| * * * | * _________)/\\_//(\/(/\)/\//\/|_)_______ Goodbye spontiff the Healer... You died in The Dungeons of Doom on dungeon level 7 with 400 points, and 69 pieces of gold, after 3773 moves. You were level 1 with a maximum of 34 hit points when you died.